[Event "Titled Tuesday Blitz August 08 Late 2023"]
[White "Rego, Pedro Filipe"]
[Black "Fisher_TheGalactic"]
[WhiteFideId "1904310"]
[WhiteElo "2375"]
[BlackElo "2667"]
[Result "0-1"]
[Round "1"]
[TimeControl "180+1"]
[Date "2023.08.08"]
[WhiteClock "0:00:09"]
[BlackClock "0:00:39"]
[Board "97"]

1. d4 d5 2. Bf4 Nf6 3. e3 e6 4. Nf3 Bd6 5. Bg3 O-O 6. Bd3 c5 7. c3 Nc6 8. Nbd2 Qe7 9. Ne5 Nd7 10. f4 f6 11. Nxd7 Bxd7 12. O-O g6 13. Qf3 Rae8 14. Rae1 f5 15. Qf2 c4 16. Bc2 b5 17. Bh4 Qg7 18. a3 a5 19. h3 b4 20. axb4 axb4 21. Nf3 Ra8 22. g4 Rfb8 23. Kh1 bxc3 24. bxc3 Rb2 25. Rb1 Raa2 26. Rxb2 Rxb2 27. Rb1 Rxb1+ 28. Bxb1 Be7 29. Bxe7 Qxe7 30. Qb2 Bc8 31. Qb6 Qb7 32. Qxb7 Bxb7 33. Bc2 h6 34. Kg2 Na5 35. Ba4 Bc6 36. Bxc6 Nxc6 37. Kf2 Kf7 38. Ke2 Ke7 39. g5 hxg5 40. Nxg5 Na5 41. Kd2 Nb3+ 42. Kc2 Na1+ 43. Kb2 Nb3 44. Kc2 Kf6 45. Nf3 Na5 46. Ne5 Nb7 47. h4 Nd6 48. Nf3 Ne4 49. Ng5 Ng3 50. Kd2 Nf1+ 51. Ke2 Ng3+ 52. Kf3 Nh5 53. Nh7+ Ke7 54. Ng5 Nf6 55. Ke2 Ne8 56. Kf3 Nd6 57. Ke2 Kf6 58. Nh7+ Ke7 59. Ng5 Nb5 60. Kd2 Nd6 61. Kc2 Ne8 62. Kd2 Nf6 63. Ke2 Nd7 64. Kd2 Nf8 65. Ke2 Kd7 66. Kd2 Kc6 67. Nf7 Kb5 68. Ne5 Ka4 69. Kc2 Ka3 70. Nf7 Ka4 71. Ne5 Ka5 72. Nf7 Kb6 73. Ne5 Kc7 74. Kd2 Kd8 75. Ke2 Ke7 76. Kf3 Kf6 77. Ke2 Nh7 78. Kf3 Kg7 79. Kg3 Nf6 80. Kf3 Ne4 81. Nc6 Nxc3 82. Nd8 Kf6 83. Kf2 Ne4+ 84. Ke2 Ng3+ 85. Kd2 Nf1+ 86. Ke2 c3 87. Nc6 c2 0-1


[Site "https://www.chess.com"]

[Event "Titled Tuesday Blitz August 08 Late 2023"]
[White "MKlose11"]
[Black "Necromon"]
[WhiteElo "2661"]
[BlackElo "2374"]
[Result "1-0"]
[Round "1"]
[TimeControl "180+1"]
[Date "2023.08.08"]
[WhiteClock "0:00:50"]
[BlackClock "0:00:54"]
[Board "98"]

1. e4 c5 2. Nc3 Nc6 3. d3 g6 4. g3 Bg7 5. Bg2 e6 6. Be3 d6 7. Qd2 Nge7 8. Bh6 O-O 9. h4 f6 10. Bxg7 Kxg7 11. f4 h6 12. Nf3 Nd4 13. O-O Nec6 14. Nd1 b5 15. Ne3 Nxf3+ 16. Bxf3 Nd4 17. Bg2 Rb8 18. c3 Nc6 19. e5 Bb7 20. exf6+ Qxf6 21. Ng4 Qf5 22. Bh3 Ne7 23. Kh2 h5 24. Ne5 dxe5 25. Bxf5 Rxf5 26. fxe5 Rbf8 27. Rxf5 Rxf5 28. Qe2 Nc6 29. Rf1 Rxe5 30. Qd2 b4 31. Rf2 bxc3 32. bxc3 Ba6 33. Qf4 1-0


[Site "https://www.chess.com"]

[Event "Titled Tuesday Blitz August 08 Late 2023"]
[White "Sari, Yasin"]
[Black "Weetik, Vjacheslav"]
[WhiteFideId "6320902"]
[BlackFideId "4153472"]
[WhiteElo "2374"]
[BlackElo "2661"]
[Result "0-1"]
[Round "1"]
[TimeControl "180+1"]
[Date "2023.08.08"]
[WhiteClock "0:00:04"]
[BlackClock "0:00:14"]
[Board "99"]

1. Nf3 Nf6 2. c4 g6 3. g3 c6 4. d4 d5 5. Nbd2 Bg7 6. Bg2 O-O 7. O-O b6 8. b3 a5 9. a4 Na6 10. cxd5 cxd5 11. Ne5 Nb4 12. Ba3 Ba6 13. Rc1 e6 14. Re1 Rc8 15. Bf1 Qd6 16. e3 Rxc1 17. Qxc1 Rc8 18. Qb1 Bxf1 19. Rxf1 Nd7 20. Nxd7 Qxd7 21. Rc1 Bf8 22. Nf3 f6 23. Rxc8 Qxc8 24. Qc1 Qxc1+ 25. Bxc1 Kf7 26. Kf1 Nc6 27. Ke2 Be7 28. Ne1 e5 29. Nc2 e4 30. Ba3 Bxa3 31. Nxa3 f5 32. Nb5 Ke6 33. Nc7+ Kd6 34. Nb5+ Kd7 35. f3 Nb4 36. fxe4 dxe4 37. Na3 Kc6 38. Nc4 Nd3 39. Kd2 g5 40. Ke2 h6 41. Kd2 h5 42. Kc2 Ne1+ 43. Kd1 Nf3 44. Ke2 Nxh2 45. Ne5+ Kd5 46. Nf7 Nf3 47. Nh6 Ke6 48. d5+ Kxd5 49. Nxf5 h4 50. gxh4 gxh4 51. Kf2 Kc5 52. Ne7 Nd2 53. Nc8 Nxb3 54. Kg2 b5 55. Kh3 bxa4 56. Kxh4 a3 57. Kg4 a2 58. Kf4 a1=Q 0-1


[Site "https://www.chess.com"]

[Event "Titled Tuesday Blitz August 08 Late 2023"]
[White "Gatterer, Florian"]
[Black "Zeynalli, Rashad"]
[WhiteFideId "811688"]
[BlackFideId "13403320"]
[WhiteElo "2371"]
[BlackElo "2657"]
[Result "1/2-1/2"]
[Round "1"]
[TimeControl "180+1"]
[Date "2023.08.08"]
[WhiteClock "0:01:29"]
[BlackClock "0:01:52"]
[Board "101"]

1. e4 c6 2. d4 d5 3. e5 Bf5 4. Nf3 e6 5. Be2 c5 6. Be3 Qb6 7. Nc3 Nc6 8. O-O Qxb2 9. Nb5 c4 10. Nc7+ Kd7 11. Nxa8 Bxc2 12. Qc1 Ba3 13. Qe1 h6 14. Bc1 Qxa1 15. Bxa3 Qxe1 16. Nxe1 Nge7 17. Nxc2 Rxa8 1/2-1/2


[Site "https://www.chess.com"]

[Event "Titled Tuesday Blitz August 08 Late 2023"]
[White "Weishaeutel, Moritz"]
[Black "Ortmann, David"]
[WhiteFideId "12967300"]
[BlackFideId "4651588"]
[WhiteElo "2652"]
[BlackElo "2370"]
[Result "1-0"]
[Round "1"]
[TimeControl "180+1"]
[Date "2023.08.08"]
[WhiteClock "0:00:10"]
[BlackClock "0:00:11"]
[Board "102"]

1. e4 e6 2. d4 d5 3. exd5 exd5 4. Nf3 Nc6 5. Nc3 Bg4 6. Bb5 Bb4 7. O-O Ne7 8. h3 Bh5 9. a3 Bd6 10. Bg5 f6 11. Be3 Qd7 12. Be2 O-O-O 13. Nb5 Rhe8 14. b4 Nf5 15. Nxd6+ Qxd6 16. Bc1 Rxe2 17. Qxe2 Ncxd4 18. Qd3 Nxf3+ 19. gxf3 Nh4 20. f4 Nf3+ 21. Kg2 Bg6 22. Qe3 Be4 23. Kg3 f5 24. Qxf3 Qg6+ 25. Qg4 fxg4 26. hxg4 h5 27. f3 Bxc2 28. f5 Qd6+ 29. Bf4 Qc6 30. Rac1 hxg4 31. fxg4 d4 32. Rxc2 Qxc2 33. Rc1 Qd3+ 34. Kh4 c6 35. Kg5 Qf3 36. Re1 d3 37. Re7 Qd5 38. Rc7+ Kb8 39. Rd7+ Kc8 40. Rxd5 Rxd5 41. Bd2 Rd4 42. Kh5 Re4 43. g5 Kd7 44. Kg6 Re2 45. Bf4 Rf2 46. Be3 Ke8 47. f6 Rf3 48. Kxg7 Rxe3 49. f7+ Kd7 50. f8=Q Kc7 51. Qf4+ Kb6 52. Qxe3+ Kb5 53. Qxd3+ Ka4 54. Qc4 b5 55. Qxc6 Kxa3 56. Qxb5 Ka2 57. Qa5+ Kb2 58. Qxa7 Kb3 59. b5 Kc4 60. b6 Kd5 61. b7 Ke6 62. b8=Q 1-0


[Site "https://www.chess.com"]

[Event "Titled Tuesday Blitz August 08 Late 2023"]
[White "Bernat, David"]
[Black "Hua, Lefong"]
[WhiteFideId "2099225"]
[BlackFideId "2602253"]
[WhiteElo "2370"]
[BlackElo "2651"]
[Result "1/2-1/2"]
[Round "1"]
[TimeControl "180+1"]
[Date "2023.08.08"]
[WhiteClock "0:00:19"]
[BlackClock "0:00:27"]
[Board "103"]

1. c4 Nf6 2. Nc3 g6 3. e4 d6 4. g3 Bg7 5. Nge2 c5 6. Bg2 Nc6 7. d3 O-O 8. O-O Rb8 9. h3 a6 10. a4 Nd7 11. Be3 Nd4 12. Rb1 b6 13. b4 Bb7 14. b5 axb5 15. Nxb5 Nxb5 16. axb5 Ra8 17. Qb3 Ra7 18. Bc1 Qa8 19. Bb2 Bxb2 20. Rxb2 Ra3 21. Qc2 Qa5 22. Rfb1 Ra8 23. Kh2 Nf8 24. Rb3 Ra2 25. R3b2 Ra3 26. Rb3 Ne6 27. Rxa3 Qxa3 28. Rb3 Qa5 29. Qc3 Qa2 30. Rb2 Qa1 31. Qd2 Ra3 32. f4 Nd4 33. Nxd4 cxd4 34. Rc2 Qb1 35. f5 Ra1 36. Qf2 Qd1 37. Rd2 Qc1 38. Qxd4 Qxd2 39. Qxa1 Qxd3 40. f6 exf6 41. Qxf6 Bxe4 42. Bxe4 Qxe4 43. Qxd6 Qe3 44. Qd5 h5 45. g4 Qf2+ 46. Qg2 Qf4+ 47. Qg3 Qxc4 48. Qb8+ Kh7 49. Qxb6 hxg4 50. hxg4 Qxg4 51. Qc6 Qe2+ 52. Kg3 Qe3+ 53. Kg2 Qd2+ 54. Kg3 g5 55. b6 Qf4+ 56. Kg2 Qd2+ 57. Kg3 Qe3+ 58. Kg2 Qe2+ 59. Kg3 Qe1+ 60. Kg2 Qd2+ 61. Kg1 Qd1+ 62. Kf2 Qd2+ 63. Kf3 Qd3+ 64. Kg4 f6 65. Qc7+ Kg6 66. Qc6 Qd4+ 67. Kg3 Qe3+ 68. Kg2 Qe2+ 69. Kg1 Qe1+ 70. Kg2 Qd2+ 71. Kf1 Qd1+ 72. Kf2 Qd2+ 73. Kf1 Qd1+ 74. Kf2 Qd2+ 75. Kf1 1/2-1/2


[Site "https://www.chess.com"]

[Event "Titled Tuesday Blitz August 08 Late 2023"]
[White "Ozdemir, Serhan Berat"]
[Black "Topalov, Aleksandar"]
[WhiteFideId "6374611"]
[BlackFideId "925659"]
[WhiteElo "2648"]
[BlackElo "2369"]
[Result "1-0"]
[Round "1"]
[TimeControl "180+1"]
[Date "2023.08.08"]
[WhiteClock "0:01:24"]
[BlackClock "0:00:05"]
[Board "104"]

1. e4 e6 2. d4 d5 3. Nd2 Nf6 4. e5 Ng8 5. Bd3 Ne7 6. f4 h5 7. Ndf3 g6 8. Ne2 Qd7 9. Be3 b6 10. Qd2 Ba6 11. h3 Bxd3 12. Qxd3 Nf5 13. Bf2 h4 14. O-O-O Nc6 15. c3 Na5 16. Kb1 O-O-O 17. Nd2 Be7 18. Rc1 Kb8 19. Rhd1 c5 20. c4 cxd4 21. Nxd4 Nxd4 22. Bxd4 Bb4 23. c5 bxc5 24. Bxc5 Bxc5 25. Rxc5 Nb7 26. Rc3 Rc8 27. Rb3 Rc6 28. Nf3 Rb6 29. Rxb6 axb6 30. Nd4 Rc8 31. Rc1 Rc5 32. b4 Rxc1+ 33. Kxc1 Qa4 34. a3 Qd7 35. Kb2 Qc7 36. Qc3 Qxc3+ 37. Kxc3 Kc7 38. Nf3 b5 39. Nxh4 Nd8 40. Nf3 Kc6 41. g4 Kd7 42. h4 Nc6 43. Nd4 Na7 44. h5 1-0


[Site "https://www.chess.com"]

[Event "Titled Tuesday Blitz August 08 Late 2023"]
[White "K2JW"]
[Black "Wieczorek, Oskar"]
[BlackFideId "1133950"]
[WhiteElo "2368"]
[BlackElo "2644"]
[Result "0-1"]
[Round "1"]
[TimeControl "180+1"]
[Date "2023.08.08"]
[WhiteClock "0:00:06"]
[BlackClock "0:00:53"]
[Board "105"]

1. d4 Nf6 2. Nf3 c5 3. g3 cxd4 4. Nxd4 g6 5. Bg2 Nc6 6. c3 Bg7 7. O-O O-O 8. e4 d6 9. Nxc6 bxc6 10. e5 dxe5 11. Qxd8 Rxd8 12. Bxc6 Rb8 13. b4 Bh3 14. Re1 Nd5 15. Bxd5 Rxd5 16. Be3 a5 17. c4 Rd3 18. Nd2 axb4 19. c5 Be6 20. Nb3 e4 21. Rab1 Ra8 22. Re2 Bc3 23. Rc2 f5 24. Kg2 Bd5 25. Kf1 Kf7 26. Kg1 e5 27. Rcc1 Bc6 28. Rc2 Ke6 29. Kf1 Bd5 30. Nc1 Bc4 31. Kg2 Rd1 32. h3 Bf1+ 33. Kh2 Bd3 34. Nxd3 Rxb1 0-1


[Site "https://www.chess.com"]

[Event "Titled Tuesday Blitz August 08 Late 2023"]
[White "Domingo Nunez, Ruben"]
[Black "Polaczek, Richard"]
[WhiteFideId "22245570"]
[BlackFideId "200026"]
[WhiteElo "2639"]
[BlackElo "2368"]
[Result "1-0"]
[Round "1"]
[TimeControl "180+1"]
[Date "2023.08.08"]
[WhiteClock "0:00:41"]
[BlackClock "0:00:00"]
[Board "106"]

1. Nf3 d5 2. b3 c5 3. Bb2 Nc6 4. e3 a6 5. g3 f6 6. d3 e5 7. Bg2 Bg4 8. Nbd2 Qd7 9. h3 Be6 10. a3 Nh6 11. c4 d4 12. exd4 cxd4 13. b4 Nf7 14. Ne4 Be7 15. g4 O-O 16. Qe2 b6 17. O-O h5 18. gxh5 Bxh3 19. Nh4 Bxg2 20. Kxg2 f5 21. Ng6 fxe4 22. Nxf8 Rxf8 23. Qxe4 Kh8 24. Bc1 Bg5 25. f3 Bf4 26. Bxf4 exf4 27. Qxf4 Nce5 28. Rad1 Qd6 29. Rfe1 Nxd3 30. Qf5 Nxe1+ 31. Rxe1 Nh6 32. Qe6 Qf4 33. Qe4 Qg5+ 34. Kf2 Qxh5 35. Rg1 Nf5 36. f4 Qh4+ 37. Kf3 Qh3+ 38. Kf2 Qh4+ 39. Kf3 Qh3+ 40. Kf2 Ne3 41. Rh1 Ng4+ 42. Ke1 1-0


[Site "https://www.chess.com"]

[Event "Titled Tuesday Blitz August 08 Late 2023"]
[White "Dwilewicz, Katarzyna"]
[Black "Begmuratov, Alisher"]
[WhiteFideId "1148486"]
[BlackFideId "14203367"]
[WhiteElo "2365"]
[BlackElo "2636"]
[Result "0-1"]
[Round "1"]
[TimeControl "180+1"]
[Date "2023.08.08"]
[WhiteClock "0:00:01"]
[BlackClock "0:00:24"]
[Board "107"]

1. e4 c5 2. Nf3 d6 3. Bb5+ Bd7 4. Bxd7+ Qxd7 5. d4 cxd4 6. Nxd4 Nf6 7. Nc3 Nc6 8. O-O g6 9. Re1 Bg7 10. Nb3 O-O 11. h3 Rfc8 12. Be3 Ne5 13. Nd2 b5 14. f4 Nc4 15. Nxc4 Rxc4 16. Qd3 Rac8 17. e5 Nh5 18. exd6 exd6 19. Rad1 Bxc3 20. bxc3 Rxc3 21. Qxd6 Qxd6 22. Rxd6 Rxc2 23. Ra6 Re8 24. f5 gxf5 25. Rxa7 Nf4 26. Bf2 Rxe1+ 27. Bxe1 Rxg2+ 28. Kf1 Rc2 29. h4 Rc1 30. Rd7 Kg7 31. Rd4 Nh5 32. Rd5 Ng3+ 33. Kf2 Ne4+ 34. Ke2 f4 35. Rxb5 f3+ 36. Kxf3 Rxe1 37. a4 Nd2+ 38. Kf2 Re4 39. Rb2 Nc4 40. Rb4 Nd6 41. Rxe4 Nxe4+ 42. Ke3 Nc5 43. a5 Kf6 44. Kd4 Nb3+ 45. Ke4 Nxa5 0-1


[Site "https://www.chess.com"]

[Event "Titled Tuesday Blitz August 08 Late 2023"]
[White "Goltsev, Dmitry"]
[Black "Andrews, Todd"]
[WhiteFideId "24176710"]
[BlackFideId "2012456"]
[WhiteElo "2635"]
[BlackElo "2364"]
[Result "1-0"]
[Round "1"]
[TimeControl "180+1"]
[Date "2023.08.08"]
[WhiteClock "0:00:59"]
[BlackClock "0:00:21"]
[Board "108"]

1. e4 e6 2. d4 d5 3. exd5 exd5 4. Nf3 Nc6 5. c4 Bb4+ 6. Nc3 Nf6 7. Bd3 O-O 8. O-O dxc4 9. Bxc4 Bg4 10. Bg5 h6 11. Bh4 Be7 12. h3 Bxf3 13. Qxf3 Qxd4 14. Bxf6 Bxf6 15. Bb3 Be5 16. g3 Na5 17. Bc2 g6 18. Rad1 Qb4 19. Rd5 Qxb2 20. Rxe5 Qxc2 21. Rxa5 Rad8 22. Ne4 a6 23. Rc5 Qxa2 24. Rxc7 b5 25. Nf6+ Kg7 26. Qc3 Rg8 27. Nd5+ Kh7 28. Rxf7+ 1-0


[Site "https://www.chess.com"]

[Event "Titled Tuesday Blitz August 08 Late 2023"]
[White "Filipets, Egor"]
[Black "Rosen, Eric"]
[WhiteFideId "13503928"]
[BlackFideId "2032562"]
[WhiteElo "2360"]
[BlackElo "2635"]
[Result "1-0"]
[Round "1"]
[TimeControl "180+1"]
[Date "2023.08.08"]
[WhiteClock "0:00:15"]
[BlackClock "0:00:00"]
[Board "109"]

1. c4 e6 2. g3 d5 3. Bg2 Nf6 4. Nf3 Bd6 5. O-O O-O 6. cxd5 exd5 7. d4 c6 8. Nc3 Re8 9. Bf4 h6 10. Ne5 Bf5 11. f3 Bh7 12. Qd2 c5 13. Nb5 Bf8 14. Nd3 Na6 15. dxc5 Bxd3 16. exd3 Bxc5+ 17. d4 Bf8 18. Rfc1 Qd7 19. Nc7 Nxc7 20. Rxc7 Qb5 21. Bf1 Qb6 22. Rac1 Bb4 23. Qd3 Re6 24. a3 Bf8 25. b4 Rae8 26. Kf2 Rc6 27. R7xc6 bxc6 28. Be3 Re6 29. Qa6 Nd7 30. Qxb6 axb6 31. Bh3 Re7 32. Rxc6 g6 33. a4 f5 34. Bf1 Kf7 35. a5 bxa5 36. bxa5 Nf6 37. a6 Ra7 38. Rb6 Ke8 39. Rb7 Ra8 40. Bd2 Be7 41. Ba5 1-0


[Site "https://www.chess.com"]

[Event "Titled Tuesday Blitz August 08 Late 2023"]
[White "Sydoryka, Vladyslav"]
[Black "Leschinsky, Gary"]
[WhiteFideId "14145928"]
[BlackFideId "30951321"]
[WhiteElo "2634"]
[BlackElo "2357"]
[Result "0-1"]
[Round "1"]
[TimeControl "180+1"]
[Date "2023.08.08"]
[WhiteClock "0:01:03"]
[BlackClock "0:00:47"]
[Board "110"]

1. c4 e6 2. g3 d5 3. Bg2 d4 4. Nf3 Nf6 5. O-O Nc6 6. e3 Bc5 7. a3 a5 8. b3 O-O 9. Bb2 e5 10. exd4 exd4 11. d3 h6 12. Nbd2 Bf5 13. Qc2 Re8 14. Rae1 Qd6 15. Nb1 Nd7 16. Nfd2 Qg6 17. Be4 Bxe4 18. Nxe4 h5 19. h4 Rad8 20. Nbd2 Bf8 21. Nf3 Nc5 22. Nxc5 Bxc5 23. Kg2 Qd6 24. Qc1 f6 25. Nd2 Ne5 26. Ne4 Qc6 27. Qd1 f5 28. Qxh5 fxe4 29. dxe4 Nd3 30. Re2 Nxb2 31. Rxb2 Qxe4+ 32. f3 Qe5 33. Qg4 d3 34. Rd2 Be3 35. Re1 Bxd2 36. Rxe5 Rxe5 37. f4 Re2+ 38. Kh3 Ree8 39. h5 Bc3 40. h6 d2 41. Qd1 Re1 0-1


[Site "https://www.chess.com"]

[Event "Titled Tuesday Blitz August 08 Late 2023"]
[White "Real_taiatai"]
[Black "Chen, Max"]
[BlackFideId "2622440"]
[WhiteElo "2353"]
[BlackElo "2633"]
[Result "1-0"]
[Round "1"]
[TimeControl "180+1"]
[Date "2023.08.08"]
[WhiteClock "0:00:39"]
[BlackClock "0:00:19"]
[Board "111"]

1. d4 Nf6 2. c4 b6 3. Nc3 Bb7 4. f3 d5 5. cxd5 Nxd5 6. e4 Nxc3 7. bxc3 c5 8. Bc4 e6 9. Ne2 Be7 10. O-O O-O 11. Ba3 Nc6 12. Bb2 cxd4 13. cxd4 Rc8 14. Rc1 Qd7 15. Bb3 Na5 16. Ba4 Qd6 17. d5 Rxc1 18. Qxc1 Qc5+ 19. Bd4 Qxc1 20. Rxc1 exd5 21. exd5 Bxd5 22. Rc7 Bb4 23. Rxa7 Bxa2 24. Bxb6 Nc4 25. Bd4 Bb1 26. Rb7 Bd3 27. Nc1 Rd8 28. Rxb4 h5 29. Nxd3 Rxd4 30. Ne5 Rd2 31. Nxc4 Ra2 32. Ne3 Ra1+ 33. Kf2 Ra2+ 34. Kg3 g6 35. Bb3 Ra7 36. Rf4 Kg7 37. Rxf7+ Rxf7 38. Bxf7 Kxf7 39. h4 Kf6 40. Kf4 Kf7 41. Nd5 Kg7 42. Kg5 Kh7 43. Nf4 Kg7 44. Nxg6 Kf7 45. Nf4 Kg7 46. Nxh5+ Kf7 47. g4 Kg8 48. f4 Kf8 49. f5 Kg8 50. f6 Kf8 51. Kg6 Kg8 52. f7+ Kf8 53. g5 Ke7 54. Kg7 Ke6 55. f8=Q Kd7 56. Qf6 Kc7 57. Qe6 Kb7 58. Qd6 Ka7 59. Qb4 Ka6 60. Kf7 Ka7 61. Ke7 Ka6 62. Kd7 Ka7 63. Kc7 Ka6 64. Qb6# 1-0


[Site "https://www.chess.com"]

[Event "Titled Tuesday Blitz August 08 Late 2023"]
[White "Schwabeneder, Florian"]
[Black "Smiechu"]
[WhiteFideId "1626191"]
[WhiteElo "2632"]
[BlackElo "2352"]
[Result "1/2-1/2"]
[Round "1"]
[TimeControl "180+1"]
[Date "2023.08.08"]
[WhiteClock "0:00:09"]
[BlackClock "0:00:45"]
[Board "112"]

1. Nf3 Nf6 2. g3 c5 3. Bg2 Nc6 4. O-O g6 5. b3 Bg7 6. Bb2 O-O 7. c4 d5 8. cxd5 Nxd5 9. Bxg7 Kxg7 10. Qc2 b6 11. Qb2+ Kg8 12. a3 Bb7 13. d3 e6 14. Nbd2 Qf6 15. Qxf6 Nxf6 16. Rfc1 Rfc8 17. Rab1 Rab8 18. Nc4 Nd4 19. Nxd4 cxd4 20. Bxb7 Rxb7 21. Nd6 Rxc1+ 22. Rxc1 Rd7 23. Rc8+ Kg7 24. Nc4 Nd5 25. Kf1 Rc7 26. Rxc7 Nxc7 27. Ne5 Na6 28. Nc6 Nc5 29. b4 Nb3 30. Nxa7 Na1 31. Nc6 Nc2 32. a4 Kf8 33. a5 Nxb4 34. Nxb4 bxa5 35. Nc6 a4 36. Nxd4 Ke7 37. Nc2 Kd6 38. Ke1 Kc5 39. Kd2 e5 40. Kc3 f5 41. e3 g5 42. f3 h5 43. d4+ Kd5 44. dxe5 Kxe5 45. Kc4 g4 46. fxg4 hxg4 47. Kd3 Kd5 48. Na3 Kc5 49. Nb1 Kb4 50. Kd4 Kb3 51. Nd2+ Kc2 52. Nc4 Kb3 53. Ne5 a3 54. Nd3 Kc2 55. Nb4+ Kb3 56. Nd3 Kc2 57. e4 fxe4 58. Kxe4 Kc3 59. Nc1 Kb2 60. Nd3+ Kc3 61. Nc1 Kc2 62. Na2 Kb2 63. Nb4 Kb3 64. Nd3 Kc3 1/2-1/2


[Site "https://www.chess.com"]

[Event "Titled Tuesday Blitz August 08 Late 2023"]
[White "Castella Garcia, Fausto"]
[Black "Tsvetkov, Andrey"]
[WhiteFideId "3501922"]
[BlackFideId "34139360"]
[WhiteElo "2350"]
[BlackElo "2630"]
[Result "0-1"]
[Round "1"]
[TimeControl "180+1"]
[Date "2023.08.08"]
[WhiteClock "0:00:00"]
[BlackClock "0:00:02"]
[Board "113"]

1. e4 c5 2. Nf3 d6 3. d4 cxd4 4. Nxd4 Nf6 5. Nc3 a6 6. Bg5 Nbd7 7. Qe2 h6 8. Bh4 g6 9. O-O-O e5 10. Nb3 Be7 11. f3 b5 12. Bf2 Bb7 13. g4 b4 14. Nd5 Nxd5 15. exd5 a5 16. Kb1 a4 17. Nd2 Bxd5 18. Ne4 Ra5 19. f4 O-O 20. f5 Nf6 21. Nxf6+ Bxf6 22. Rxd5 Rxd5 23. fxg6 b3 24. Bg2 Ra5 25. gxf7+ Rxf7 26. Be1 Rc5 27. cxb3 axb3 28. axb3 Bh4 29. Bc3 Qg5 30. b4 Rxc3 31. bxc3 Rf2 32. Bd5+ Kg7 33. Qd3 Rd2 34. Qc4 Qg6+ 35. Be4 Qxg4 36. Qc7+ Kf6 37. Rf1+ Bf2 38. Qd8+ Kf7 39. Bd5+ Rxd5 40. Rxf2+ Kg6 41. Qg8+ Kh5 42. Qxd5 Qg1+ 43. Kb2 Qxf2+ 44. Kb3 Qxh2 45. Qxd6 Qf4 46. Qe6 Kg5 47. b5 e4 48. b6 e3 49. Qg8+ Kh4 50. Qd8+ Kg3 51. Qc7 e2 52. b7 Qxc7 0-1


[Site "https://www.chess.com"]

[Event "Titled Tuesday Blitz August 08 Late 2023"]
[White "Ozates, Tuna"]
[Black "Pavlidou, Ekaterini"]
[WhiteFideId "6354521"]
[BlackFideId "4213262"]
[WhiteElo "2628"]
[BlackElo "2350"]
[Result "0-1"]
[Round "1"]
[TimeControl "180+1"]
[Date "2023.08.08"]
[WhiteClock "0:00:12"]
[BlackClock "0:00:48"]
[Board "114"]

1. e4 c5 2. Nf3 Nc6 3. Nc3 e6 4. d4 cxd4 5. Nxd4 Nf6 6. Be2 Bb4 7. O-O O-O 8. Nxc6 bxc6 9. e5 Bxc3 10. bxc3 Nd5 11. Bd3 f5 12. c4 Nb6 13. Ba3 Rf7 14. Bd6 c5 15. Bxc5 Bb7 16. Be2 Rc8 17. Bd6 Nxc4 18. Rb1 Na5 19. Bh5 g6 20. Bf3 Bxf3 21. Qxf3 Nc4 22. Rfd1 Qa5 23. h4 Nxe5 24. Qf4 Nc4 25. Bb4 Qc7 26. Qh6 d6 27. h5 Rg7 28. Bc3 e5 29. Rb4 Qc6 30. hxg6 Rxg6 31. Qh3 a5 32. Rb3 Kh8 33. Ba1 Rcg8 34. Rg3 Rxg3 35. fxg3 Ne3 36. Rd2 Ng4 37. Qh4 Rb8 38. Kf1 Qc4+ 39. Rd3 Rb1+ 40. Ke2 Qxc2+ 41. Rd2 Qe4# 0-1


[Site "https://www.chess.com"]

[Event "Titled Tuesday Blitz August 08 Late 2023"]
[White "Hoffmann, Asa"]
[Black "Ismayil, Malak"]
[WhiteFideId "2001470"]
[BlackFideId "13412604"]
[WhiteElo "2340"]
[BlackElo "2625"]
[Result "1-0"]
[Round "1"]
[TimeControl "180+1"]
[Date "2023.08.08"]
[WhiteClock "0:01:17"]
[BlackClock "0:00:21"]
[Board "115"]

1. d4 Nf6 2. Bg5 e6 3. Nd2 d5 4. e3 Be7 5. Bd3 O-O 6. f4 c5 7. c3 c4 8. Bc2 b5 9. Ngf3 b4 10. Ne5 bxc3 11. bxc3 Qa5 12. Rc1 Kh8 13. Bxf6 Bxf6 14. Qh5 g6 15. Bxg6 fxg6 16. Nxg6+ Kg7 17. Nxf8 Kxf8 18. Qxh7 Nc6 19. O-O Rb8 20. Rf3 Rb7 21. Qh5 Ke7 22. Rg3 Kd6 23. e4 Bxd4+ 24. Kh1 Qa3 25. Re1 Bf2 26. exd5 Bxe1 27. Nxc4+ Kc7 28. Nxa3 Bxg3 29. dxc6 Kxc6 30. hxg3 Rb2 31. Nc4 1-0


[Site "https://www.chess.com"]

[Event "Titled Tuesday Blitz August 08 Late 2023"]
[White "Ilkhomi, Jaloliddin"]
[Black "Carrasco Miranda, Andres"]
[WhiteFideId "14700948"]
[BlackFideId "3405990"]
[WhiteElo "2623"]
[BlackElo "2340"]
[Result "0-1"]
[Round "1"]
[TimeControl "180+1"]
[Date "2023.08.08"]
[WhiteClock "0:00:07"]
[BlackClock "0:00:15"]
[Board "116"]

1. Nf3 Nf6 2. d4 g6 3. Bg5 Bg7 4. Nbd2 c5 5. c3 h6 6. Bxf6 Bxf6 7. e3 d6 8. dxc5 dxc5 9. Ne4 Qc7 10. Nxf6+ exf6 11. Bc4 O-O 12. Qc2 Kg7 13. O-O Nc6 14. a4 Bf5 15. e4 Bg4 16. Be2 Bxf3 17. Bxf3 Qf4 18. Qc1 Qxc1 19. Raxc1 Ne5 20. Be2 Rad8 21. Rfd1 g5 22. h3 Rfe8 23. g3 Kf8 24. Bb5 Rxd1+ 25. Rxd1 Rb8 26. Kg2 a6 27. Be2 Ke7 28. f4 Ng6 29. Kf3 Rd8 30. Rxd8 Kxd8 31. Kg4 Ke7 32. f5 Ne5+ 33. Kh5 c4 34. Kxh6 Nd3 35. b3 Nf2 36. Bxc4 Nxe4 37. h4 Nxg3 38. hxg5 Nxf5+ 39. Kh5 Ne3 40. Be2 a5 41. Bf3 b6 42. b4 b5 43. bxa5 bxa4 44. a6 Nc4 45. a7 Nb6 46. Bd5 a3 47. Bb3 fxg5 48. Kxg5 f6+ 49. Kf5 Kd6 50. Kxf6 Kc7 51. Bd5 Nxd5+ 52. Ke5 Nb6 53. c4 a2 54. c5 Na8 0-1


[Site "https://www.chess.com"]

[Event "Titled Tuesday Blitz August 08 Late 2023"]
[White "Villuendas Valero, Adrian"]
[Black "Kleiman, Jake"]
[WhiteFideId "2262460"]
[BlackFideId "2020041"]
[WhiteElo "2339"]
[BlackElo "2623"]
[Result "0-1"]
[Round "1"]
[TimeControl "180+1"]
[Date "2023.08.08"]
[WhiteClock "0:00:11"]
[BlackClock "0:00:02"]
[Board "117"]

1. e4 d6 2. d4 Nf6 3. Nc3 e5 4. Nf3 Nbd7 5. Bc4 Be7 6. dxe5 dxe5 7. Bxf7+ Kxf7 8. Ng5+ Kg8 9. Ne6 Qe8 10. Nxc7 Qd8 11. Nxa8 b6 12. Nd5 Bd6 13. Bg5 Bb7 14. Nxf6+ Nxf6 15. Qd2 Kf7 16. O-O-O Be7 17. Qxd8 Bxd8 18. Bxf6 Kxf6 19. Rd7 Bxa8 20. Rhd1 Be7 21. Rxa7 Bxe4 22. Rdd7 Re8 23. f3 Bg6 24. Rab7 Ke6 25. Rdc7 Bc5 26. b4 Be3+ 27. Kb1 Rd8 28. Rxg7 Rd1+ 29. Kb2 Bd4+ 30. c3 Rb1+ 31. Ka3 Bxc3 32. Rxb6+ Kf5 33. Rc7 Bd4 34. Rbc6 Kf4 35. Rf6+ Ke3 36. h4 Bd3 37. h5 Kd2 38. Rd6 Bc2 39. g4 Kc1 40. Rdc6 Bb2# 0-1


[Site "https://www.chess.com"]

[Event "Titled Tuesday Blitz August 08 Late 2023"]
[White "Erzhanov, Arman"]
[Black "Peatman, Carter"]
[WhiteFideId "4138821"]
[BlackFideId "2096480"]
[WhiteElo "2622"]
[BlackElo "2337"]
[Result "1-0"]
[Round "1"]
[TimeControl "180+1"]
[Date "2023.08.08"]
[WhiteClock "0:01:11"]
[BlackClock "0:00:08"]
[Board "118"]

1. e4 e5 2. Nf3 Nf6 3. Nc3 Bb4 4. Bc4 d6 5. O-O O-O 6. d3 Be6 7. Bb3 Bxc3 8. bxc3 a5 9. a4 Nbd7 10. Be3 h6 11. h3 Re8 12. Re1 Nc5 13. Bxc5 dxc5 14. Bxe6 Rxe6 15. Nh4 g6 16. Qf3 Kg7 17. Qg3 Kh7 18. Rf1 Nh5 19. Qg4 Rf6 20. g3 Nf4 21. Kh2 h5 22. Qd1 Ne6 23. Ng2 Qd6 24. Ne3 Ng5 25. Nd5 Re6 26. h4 c6 27. Nb6 Rf8 28. hxg5 f5 29. gxf6 Rexf6 30. Kg2 R8f7 31. Nc4 Qf8 32. Qe2 Qe7 33. Ne3 Qf8 34. Rae1 Qe7 35. f3 Qf8 36. Rf2 Qe7 37. Rh1 Qf8 38. Ng4 Kg7 39. Nxf6 Rxf6 40. Qe3 Qf7 41. Qg5 Qe6 42. Rxh5 Kg8 43. Rf1 Qf7 44. Rfh1 Rxf3 45. Rh8+ Kg7 46. R1h7# 1-0


[Site "https://www.chess.com"]